 Dungeon Sprint DCSS version 0.25.1-2-g60ff931df9 (webtiles) character file.

Game seed: 6972480230321851037

127 Baz the Firebug (level 5, -21/31 HPs)
             Began as an Octopode Fire Elementalist on Nov 18, 2020.
             Killed from afar by a deep elf mage (31 damage)
             ... with a bolt of magma
             ... in the Dungeon (Sprint III: "The Ten Rune Challenge").
             The game lasted 00:01:59 (518 turns).

Baz the Firebug (Octopode Fire Elementalist)         Turns: 518, Time: 00:02:00

Health: -21/31     AC:  3    Str:  7    XL:     5   Next: 11%
Magic:  5/12       EV: 14    Int: 20    God:
Gold:   31         SH:  0    Dex: 13    Spells: 8/13 levels left

rFire    . . .     SeeInvis .   (no weapon)
rCold    . . .     Gourm    .   (no shield)
rNeg     . . .     Faith    .   (helmet restricted)
rPois    .         Spirit   .   (no amulet)
rElec    .         Reflect  .   (no ring)
rCorr    .         Harm     .   (no ring)
MR       .....     NoTele   +   (no ring)
Stlth    ++++......             (no ring)
HPRegen  0.10/turn              (no ring)
MPRegen  0.13/turn              (no ring)
                                (no ring)
                                (no ring)

@: no status effects
A: almost no armour, stealthy swim, amphibious, 8 rings, constrict 8, slimy
green scales 1, camouflage 1, clever 1, gelatinous body 1
a: no special abilities


You were in the Dungeon.
You were not hungry.

You visited 1 branch You collected 31 gold pieces.

Inventory:

Scrolls
 h - a scroll of blinking
 i - 2 scrolls of immolation
 k - 2 scrolls of remove curse
Potions
 a - 3 potions of mutation
 c - a potion of curing
 d - a potion of heal wounds
 e - a potion of haste
 f - 2 potions of magic
 g - a potion of berserk rage
 l - 3 potions of flight
Comestibles
 b - 3 rations


   Skills:
 + Level 3.5 Dodging
 + Level 4.2 Stealth
 + Level 4.7 Spellcasting
 + Level 2.8 Conjurations
 + Level 7.5 Fire Magic


You had 8 spell levels left.
You knew the following spells:

 Your Spells              Type           Power        Failure   Level  Hunger
a - Foxfire               Conj/Fire      ####         1%          1    None
b - Sticky Flame          Conj/Fire      ####....     14%         4    ####...

Your spell library contained the following spells:

 Spells                   Type           Power        Failure   Level  Hunger
 Conjure Flame            Conj/Fire      ####....     4%          3    ##.....
 Inner Flame              Hex/Fire       ###.....     8%          3    ##.....
 Fireball                 Conj/Fire      ####......   36%         5    ######.


Dungeon Overview and Level Annotations

Branches:
Dungeon (1/1)

Altars:
Elyvilon
Zin
The Shining One


Innate Abilities, Weirdness & Mutations

You cannot wear most types of armour.
You are very stealthy in the water. (Stealth+)
You are amphibious.
You can wear up to eight rings at the same time.
You can use your tentacles to constrict eight enemies at once.
Your skin changes colour to match your surroundings (Stealth+).
Your rubbery body absorbs attacks. (AC +1, EV +1)
You are partially covered in slimy green scales. (AC +2)
Your mind is acute. (Int +2)


Message History

Casting: Foxfire (safe; 1% risk of failure)
Confirm with . or Enter, or press ? or * to list all spells.
The spell is extremely dangerous to cast (14% risk of failure)!
Continue anyway?
Aiming: Sticky Flame (extremely dangerous; 14% risk of failure)
Press: ? - help, Shift-Dir - straight line, f - deep elf mage
Aim: a deep elf mage, wielding a +1 long sword of holy wrath (moderately wounded)
The sticky flame hits the deep elf mage!
The deep elf mage is heavily wounded.
The deep elf mage is covered in liquid flames!
The deep elf mage burns!
The foxfire hits the deep elf mage.
The deep elf mage is severely wounded.
The foxfire hits the deep elf mage.
The deep elf mage is almost dead.
Casting: Sticky Flame (extremely dangerous; 14% risk of failure)
Confirm with . or Enter, or press ? or * to list all spells.
You conjure some foxfire!
The deep elf mage burns!
The deep elf mage points at you and mumbles some strange words.
The bolt of magma hits you!!
Ouch! That really hurt!
You die...

▓▓▓▓▓▓▓▓ ▓▓▓ .'...♣.♣
♣.##### .#.....♣ ♣♣.#v__#
##.....♣ ♣..#...#
.#....≈♣♣♣♣♣.###'#+###+##
.#...≈≈..♣♣..#.ve.......#
.#†.≈≈≈≈♣♣♣..'.⌠@v......#
'#..≈≈≈≈≈≈♣♣.#.§.######+#
.#.≈≈≈≈≈≈....#.⌠.#
.#.≈≈≈≈≈.....#...#
.#.≈≈≈.......#+###
##...........#
.............#
▓▓▓▓▓▓▓▓▓▓▓▓▓▓


You could see a deep elf mage (burning).

Vanquished Creatures
  A water elemental (D)
  A scorpion (D)
  A human (D)
  4 rats (D)
7 creatures vanquished.

Vanquished Creatures (others)
  43 foxfires (D)
43 creatures vanquished.

Grand Total: 50 creatures vanquished

Notes
Turn   | Place    | Note
-------+----------+-------------------------------------------
     0 | D        | Baz the Octopode Fire Elementalist began the quest for the
                  | Orb.
     0 | D        | Reached XP level 1. HP: 11/11 MP: 3/3
   208 | D        | Reached skill level 5 in Fire Magic
   208 | D        | Reached XP level 2. HP: 17/17 MP: 1/6
   272 | D        | Noticed a scorpion
   278 | D        | Killed a scorpion
   278 | D        | Reached skill level 6 in Fire Magic
   278 | D        | Reached XP level 3. HP: 21/21 MP: 0/8
   278 | D        | Reached XP level 4. HP: 27/27 MP: 0/10
   286 | D        | Learned a level 4 spell: Sticky Flame
   448 | D        | Gained mutation: You are partially covered in slimy green
                  | scales. (AC +2) [potion of mutation]
   448 | D        | Gained mutation: Your mind is acute. (Int +2) [potion of
                  | mutation]
   465 | D        | Noticed a water elemental
   468 | D        | Killed a water elemental
   468 | D        | Reached skill level 7 in Fire Magic
   468 | D        | Reached XP level 5. HP: 31/31 MP: 8/12
   512 | D        | Found a glowing silver altar of Zin.
   512 | D        | Found a glowing golden altar of the Shining One.
   512 | D        | Found a white marble altar of Elyvilon.
   512 | D        | Noticed a deep elf mage
   518 | D        | Killed from afar by a deep elf mage

Illustrated notes

Levels and vault maps discovered:
D:        dungeon_sprint_mu [sprint_mu_entry_forest, sprint_mu_temple_rooms,
          sprint_mu_d1_horrors, sprint_mu_d2_genie, sprint_mu_d3_branching,
          sprint_mu_orc_legion, sprint_mu_elf_gauntlet, sprint_mu_hive_nellie,
          sprint_mu_lair_fedhas, sprint_mu_vaults_butterflies,
          sprint_mu_slime_circle, sprint_mu_shoals_archi,
          sprint_mu_snake_twists, sprint_mu_blade_basic, sprint_mu_crypt_lich,
          sprint_mu_tomb_spiral, sprint_mu_vestibule_basic,
          sprint_mu_gehenna_hellfire, sprint_mu_dis_giant,
          sprint_mu_tartarus_statrot, sprint_mu_cocytus_islands, sprint_mu_zot1]

Skill      XL: |  1  2  3  4 |
---------------+-------------+-----
Stealth        | 3 4 |  4.2
Spellcasting   | 3 4 |  4.7
Fire Magic     | 5 6 7 |  7.5
Dodging        | 3 |  3.5
Conjurations   | 2 |  2.8

Action                   |  1- 3 |  4- 6 || total
-------------------------+-------+-------++-------
Melee: Unarmed           |     1 |       ||     1
       Constrict         |     1 |       ||     1
 Cast: Foxfire           |    18 |     7 ||    25
       Sticky Flame      |       |     1 ||     1
  Use: Scroll            |       |     3 ||     3
       Potion            |       |     1 ||     1
Dodge: Dodged            |     1 |       ||     1
